 Dungeon Crawl Stone Soup version 0.30-a0-728-gc68057be0a (webtiles) character file.

Game seed: 5402544634280429166

1456 Hiru the Carver (level 8, -2/51 HPs)
             Began as a Tengu Monk on Jan 30, 2023.
             Shot with an arrow by a centaur (7 damage)
             ... on level 6 of the Dungeon.
             The game lasted 00:12:15 (4490 turns).

Hiru the Carver (Tengu Monk)                        Turns: 4490, Time: 00:12:16

Health: -2/51      AC:  6    Str: 13    XL:     8   Next: 76%
Magic:  9/9        EV: 13    Int: 10    God:
Gold:   242        SH:  6    Dex: 18    Spells: 7/7 levels left

rFire   . . .      SeeInvis .    r - +3 short sword (venom)
rCold   + + .      Faith    .    b - +0 buckler
rNeg    . . .      Spirit   .    a - +0 ring mail
rPois   .          Reflect  .    m - +0 hat
rElec   .          Harm     .    (no cloak)
rCorr   .          Rampage  .    (no gloves)
Will    .....                    (boots unavailable)
Stlth   ++                       (no amulet)
HPRegen 0.28/turn                l - ring of protection from cold
MPRegen 0.11/turn                p - ring of protection from cold

@: flying quickly and evasively, studying Shields, quick
A: beak, talons 3, nimble flight
a: no special abilities


You were on level 6 of the Dungeon.
You visited 2 branches of the dungeon, and saw 7 of its levels.

You collected 242 gold pieces.

Inventory:

Hand Weapons
 o - a +1 heavy falchion
 r - a +3 short sword of venom (weapon)
 w - the +10 dark maul {heavy}
   (You found it on level 5 of the Dungeon)
Armour
 a - a +0 ring mail (worn)
 b - a +0 buckler (worn)
 m - a +0 hat (worn)
Jewellery
 l - a ring of protection from cold (left hand)
 p - a ring of protection from cold (right hand)
Wands
 q - a wand of charming (11)
 s - a wand of mindburst (6)
 x - a wand of light (9)
Scrolls
 d - 2 scrolls of blinking {unknown}
 e - 2 scrolls of teleportation {unknown}
 f - a scroll of enchant weapon {unknown}
 g - 8 scrolls of identify {unknown}
 h - 4 scrolls of fog {unknown}
 i - 4 scrolls of amnesia {unknown}
 n - a scroll of poison {unknown}
 u - 3 scrolls of fear {unknown}
 v - a scroll of summoning {unknown}
 y - a scroll of vulnerability {unknown}
 A - a scroll of magic mapping {unknown}
Potions
 c - a potion of ambrosia
 j - a potion of cancellation {unknown}
 k - 3 potions of heal wounds {unknown}
 t - a potion of curing {unknown}
 z - a potion of degeneration {unknown}
 B - a potion of might {unknown}


   Skills:
 + Level 5.7 Fighting
 * Level 8.4 Long Blades
 + Level 5.2 Armour
 - Level 3.2 Dodging
 - Level 2.0 Stealth
 + Level 4.6 Shields


You had 7 spell levels left.
You didn't know any spells.
Your spell library contained the following spells:

 Spells                   Type           Power      Damage    Failure   Level
 Magic Dart               Conj           0%         1d3       69%         1
 Necrotise                Necr           0%         1d4       69%         1
 Searing Ray              Conj           0%         2d4       83%         2
 Vampiric Draining        Necr           0%         2d6       96%         3
 Fulminant Prism          Conj/Hex       0%         3d5       100%        4
 Agony                    Necr           0%         N/A       100%        5
 Blade Hands              Tmut           0%         N/A       100%        5
 Irradiate                Conj/Tmut      0%         3d11      100%        5
 Dragon Form              Tmut           0%         N/A       100%        7


Dungeon Overview and Level Annotations

Branches:
Dungeon (6/15)             Temple (1/1) D:5

Altars:
Ashenzari
Cheibriados
Dithmenos
Elyvilon
Fedhas
Hepliaklqana
Kikubaaqudgha
Makhleb
Nemelex Xobeh
Qazlal
Ru
Trog
Vehumet
Wu Jian
Yredelemnul
Zin
The Shining One

Shops:
D:5 =


Innate Abilities, Weirdness & Mutations

You have a beak for a mouth.
You have claws for feet.
Your magical nature lets you fly swiftly and evasively.


Message History

You start resting.
A centaur comes into view.
Aiming: Mindburst
Press: ? - help, Shift-Dir - straight line, f - centaur
Aim: a centaur (wandering, hasn't noticed you, chance to affect: 64%)
The centaur shouts!
The centaur struggles to resist.
The centaur wields a +0 shortbow.
The centaur shoots an arrow.
The arrow barely misses you.
Aiming: Mindburst
Press: ? - help, Shift-Dir - straight line, f/p - centaur
Aim: a centaur, wielding a +0 shortbow (chance to affect: 64%)
The centaur struggles to resist.
The centaur shoots an arrow.
The arrow misses you.
The centaur shoots an arrow.
You block the arrow.
Aiming: Mindburst
Press: ? - help, Shift-Dir - straight line, f/p - centaur
Aim: a centaur, wielding a +0 shortbow (chance to affect: 64%)
The centaur struggles to resist.
The centaur shoots an arrow.
The arrow hits you!
Aiming: Mindburst
Press: ? - help, Shift-Dir - straight line, f/p - centaur
Aim: a centaur, wielding a +0 shortbow (chance to affect: 64%)
The centaur's mind is blasted!
The centaur shoots an arrow.
The arrow hits you.
Aiming: Mindburst
Press: ? - help, Shift-Dir - straight line, f/p - centaur
Aim: a centaur, wielding a +0 shortbow (heavily wounded, chance to affect: 64%)
The centaur's mind is blasted!!
You blow up the centaur!
You hear a splash.
You start resting.
The centaur zaps a wand.
The mass of ice explodes!
The iceblast engulfs you! You partially resist.
* * * LOW HITPOINT WARNING * * *
Okay, then.
Unknown command.
Unknown command.
Unknown command.
The centaur shoots an arrow.
The arrow hits you!
* * * LOW HITPOINT WARNING * * *
The centaur shoots an arrow.
The arrow hits you!
You die...

### ### #####.### ##.###
#.#.....####.)..##
##....##......#...## #
###.......@....##....######
##..............###....##.##
#........##.....# ##..###.#.
##........#........##.......
#...~≈≈≈≈≈≈≈≈~≈≈~....##....
#...≈≈~~~~~~≈≈~≈≈#..###....
#....≈~≈≈≈≈≈≈~≈≈)≈#..###...#
#....~≈≈ccc~≈≈~≈~≈........##
##>..≈≈~≈≈≈≈~≈~≈~≈.......#..


You could see 2 centaurs.

Vanquished Creatures
  2 black bears (D:5)
  An ogre (D:5)
  3 centaurs (D:6)
  2 phantoms (D:5)
  A bullfrog (D:4)
  A necrophage (D:5)
  A scorpion (D:6)
  A howler monkey (D:5)
  3 hounds (D:4)
  3 jellies
  Jessica (D:3)
  Natasha (twice) (D:2)
  3 iguanas
  3 orc wizards (D:4)
  9 adders
  A shadow imp (D:4)
  2 worms (D:2)
  3 dart slugs
  16 orcs
  5 ball pythons
  5 endoplasms
  3 giant cockroaches
  8 goblins
  5 hobgoblins
  4 jackals (D:4)
  2 quokkas
  5 bats
  4 frilled lizards
  6 kobolds
  3 rats
108 creatures vanquished.

Vanquished Creatures (others)
  A fungus (D:6)
  A plant (D:5)
2 creatures vanquished.

Grand Total: 110 creatures vanquished

Notes
Turn   | Place    | Note
-------+----------+-------------------------------------------
     0 | D:1      | Hiru the Tengu Monk began the quest for the Orb.
     0 | D:1      | Reached XP level 1. HP: 14/14 MP: 2/2
   216 | D:1      | Reached XP level 2. HP: 19/19 MP: 3/3
   268 | D:1      | Reached skill level 1 in Armour
   415 | D:1      | Found a faded altar of an unknown god.
   612 | D:2      | Found a basalt altar of Yredelemnul.
   632 | D:2      | Noticed Natasha
   643 | D:2      | Killed Natasha
   644 | D:2      | Reached skill level 4 in Long Blades
   644 | D:2      | Reached XP level 3. HP: 17/23 MP: 4/4
   741 | D:2      | Reached XP level 4. HP: 27/28 MP: 5/5
   987 | D:2      | Noticed Natasha
   999 | D:2      | Killed Natasha
  1395 | D:3      | Found a glowing golden altar of the Shining One.
  1549 | D:3      | Gained mutation: Your magical nature lets you fly swiftly
                  | and evasively. [Tengu growth]
  1549 | D:3      | Reached XP level 5. HP: 13/33 MP: 6/6
  1657 | D:3      | Reached skill level 5 in Long Blades
  1869 | D:3      | Noticed Jessica
  1875 | D:3      | Killed Jessica
  1990 | D:3      | Found an ornate altar of the Wu Jian Council.
  1997 | D:3      | Noticed a spectral centipede
  1997 | D:3      | Noticed a spectral black mamba
  1997 | D:3      | Noticed a spectral cane toad
  2352 | D:4      | Reached XP level 6. HP: 37/38 MP: 7/7
  2517 | D:4      | Reached skill level 6 in Long Blades
  2703 | D:4      | Reached XP level 7. HP: 43/44 MP: 8/8
  3046 | D:5      | Entered Level 5 of the Dungeon
  3079 | D:5      | Reached skill level 1 in Shields
  3110 | D:5      | Found a hazy altar of Hepliaklqana.
  3162 | D:5      | Reached skill level 7 in Long Blades
  3228 | D:5      | Reached skill level 5 in Fighting
  3314 | D:5      | Found a blossoming altar of Fedhas.
  3314 | D:5      | Found an ancient bone altar of Kikubaaqudgha.
  3315 | D:5      | Found a shadowy altar of Dithmenos.
  3322 | D:5      | Found a burning altar of Makhleb.
  3322 | D:5      | Found a stormy altar of Qazlal.
  3570 | D:5      | Found the +10 dark maul {heavy}
  3581 | D:5      | Reached XP level 8. HP: 48/49 MP: 9/9
  3751 | D:5      | Found Neiruoresh's Jewellery Emporium.
  3938 | D:5      | Found a staircase to the Ecumenical Temple.
  3943 | Temple   | Entered the Ecumenical Temple
  4138 | D:6      | Reached skill level 8 in Long Blades
  4309 | D:6      | Found a glowing silver altar of Zin.
  4309 | D:6      | Noticed an angel
  4350 | D:6      | Reached skill level 5 in Armour
  4490 | D:6      | Shot with an arrow by a centaur

Illustrated notes

Levels and vault maps discovered:
D:1:      dpeg_arrival_concentric_ovals, layout_rooms,
          chequers_ecumenical_altar_grove,
          nicolae_concentric_dashed_squares_wild
D:2:      layout_basic, basic_altar, uniq_natasha
D:3:      layout_loops_ring, pdpol_wu_jian_five_deadly_venoms,
          mainiacjoe_overflow_concentric_impassable, uniq_jessica
D:4:      layout_gridville, nrook_mini_vaults, minmay_manual_mail
D:5:      layout_loops_corners, nicolae_hepliaklqana_hazy_memory,
          grunt_temple_overflow_open, temple_doors_ab, serial_shops, shop,
          saegor_snake_ambush
D:6:      nicolae_whirlpool, layout_cave_pools, mainiacjoe_overflow_boulevard,
          lemuel_round_altar, zin_angel
Temple:   nicolae_temple_ecumenical_triangle

Skill      XL: |  1  2  3  4  5  6  7  8 |
---------------+-------------------------+-----
Armour         | 1 2 3 4 5 |  5.2
Long Blades    | 4 5 6 7 8 |  8.4
Fighting       | 4 5 |  5.7
Shields        | 2 4 |  4.6
Dodging        | |  3.2
Stealth        | |  2.0

Action                     |  1- 3 |  4- 6 |  7- 9 || total
---------------------------+-------+-------+-------++-------
  Melee: Falchion          |    22 |    35 |       ||    57
         Kick              |     7 |    32 |    40 ||    79
         Peck              |    10 |    16 |    22 ||    48
         Dagger            |    28 |    68 |       ||    96
         Short sword       |       |    13 |   110 ||   123
  Evoke: Wand              |       |     1 |     6 ||     7
    Use: Potion            |       |       |     1 ||     1
   Stab: Sleeping          |     4 |     3 |     1 ||     8
 Armour: Robe              |     8 |    12 |       ||    20
         Ring mail         |       |     4 |    22 ||    26
  Dodge: Dodged            |    39 |    79 |    57 ||   175
  Block: Buckler           |       |       |    16 ||    16

Table legend: (Time is in decaauts)
 A = Elapsed time spent in this place.
 B = Non-inter-level travel time spent in this place.
 C = Inter-level travel time spent in this place.
 D = Time resting spent in this place.
 E = Time spent auto-exploring this place.
 F = Levels seen in this place.
 G = Mean time per level.
                   A        B        C        D        E       F      G
               +--------+--------+--------+--------+--------+-----+--------+
         Total |   4286 |   4137 |    149 |    147 |   3141 |   7 |  612.3 |
       Dungeon |   4248 |   4104 |    144 |    147 |   3110 |   6 |  708.0 |
        Temple |     37 |     33 |      4 |      0 |     30 |   1 |   37.0 |
               +--------+--------+--------+--------+--------+-----+--------+

Top non-repeatable levels by time:
     D:5: 960 daAuts
     D:3: 858 daAuts
     D:4: 782 daAuts
     D:2: 687 daAuts
     D:1: 613 daAuts
     D:6: 346 daAuts
  Temple: 37 daAuts
